[Event "*** Titled Tuesday Blitz"]
[Site "Chess.com"]
[Date "2020.05.12"]
[Round "3"]
[White "joppie2"]
[Black "CaspiIsrael"]
[Result "1-0"]
[WhiteElo "2873"]
[BlackElo "2637"]
[TimeControl "180+1"]
[EndTime "10:25:53 PDT"]
[Termination "joppie2 won by resignation"]

1. e4 e5 2. Nf3 Nf6 3. Nxe5 d6 4. Nf3 Nxe4 5. d4 d5 6. Bd3 Bd6 7. O-O O-O 8. c4 c6 9. Nc3 Nxc3 10. bxc3 dxc4 11. Bxc4 Bf5 12. Ng5 h6 13. Qf3 Bg6 14. Ne4 Bxh2+ 15. Kxh2 Qh4+ 16. Qh3 Qxh3+ 17. gxh3 Bxe4 18.
Rg1 Kh7 19. Ba3 Rd8 20. Bxf7 Nd7 21. Rae1 Nf6 22. Rxe4 Nxe4 23. Bg6+ Kh8 24. Bxe4 Re8 25. f3 Re6 26. c4 Rd8 27. Bb2 Re7 28. a4 Kg8 29. a5 a6 30. Rg2 Rf7 31. d5 Rc7 32. Bd4 Re8 33. Bb6 Rcc8 34. d6 1-0

[Event "*** Titled Tuesday Blitz"]
[Site "Chess.com"]
[Date "2020.05.12"]
[Round "3"]
[White "pedromartinez91"]
[Black "CzechmVIII"]
[Result "1-0"]
[WhiteElo "2510"]
[BlackElo "2244"]
[TimeControl "180+1"]
[EndTime "10:25:57 PDT"]
[Termination "pedromartinez91 won by resignation"]

1. b3 e5 2. Bb2 Nc6 3. e3 Nf6 4. Bb5 Bd6 5. Na3 a6 6. Bxc6 dxc6 7. Nc4 Qe7 8. d3 b5 9. Nd2 O-O 10. Ngf3 c5 11. O-O Re8 12. e4 h6 13. a4 Bd7 14.
Re1 bxa4 15. bxa4 Rab8 16. Nc4 Nh5 17. Bxe5 Nf4 18. Nxd6 Nxg2 19. Kxg2 cxd6 20. Bg3 Bg4 21. Qd2 Qf6 22. Qf4 Qxf4 23. Bxf4 Rb2 24. Rec1 d5 25. exd5 Re2 26. Kg3 Bd7 27. Ne5 g5 28. Be3 f5 29.
Nxd7 f4+ 30. Kf3 1-0

[Event "*** Titled Tuesday Blitz"]
[Site "Chess.com"]
[Date "2020.05.12"]
[Round "3"]
[White "Evgeny81"]
[Black "Nafania1"]
[Result "1-0"]
[WhiteElo "2703"]
[BlackElo "2422"]
[TimeControl "180+1"]
[EndTime "10:26:00 PDT"]
[Termination "Evgeny81 won by resignation"]

1. d4 Nf6 2. c4 e6 3. Nc3 Bb4 4. e3 O-O 5. Bd3 c5 6. Nf3 b6 7.
O-O Bxc3 8. bxc3 Bb7 9. Qe2 Ne4 10.
Bb2 f5 11. Nd2 Nxd2 12. Qxd2 d6 13. f3 Nd7 14. e4 f4 15. Rad1 e5 16. Bc2 Bc6 17.
dxc5 dxc5 18. Qe2 Qc7 19. Rd5 Nf6 20. Rfd1 Rad8 21. R1d2 Bxd5 22. cxd5 Ne8 23. c4 Nd6 24. Bxe5 Qe7 25. Bxd6 Rxd6 26. e5 Rh6 27. d6 Qh4 28.
h3 Qg5 29. e6 Rxh3 30. e7 1-0

[Event "*** Titled Tuesday Blitz"]
[Site "Chess.com"]
[Date "2020.05.12"]
[Round "3"]
[White "Shoytan"]
[Black "VladDobrov"]
[Result "0-1"]
[WhiteElo "2582"]
[BlackElo "2765"]
[TimeControl "180+1"]
[EndTime "10:26:02 PDT"]
[Termination "VladDobrov won by resignation"]

1. Nf3 d5 2. c4 d4 3. e3 Nc6 4. exd4 Nxd4 5. Nxd4 Qxd4 6. d3 Nh6 7. Nc3 c6 8. Be3 Qd8 9. Bxh6 gxh6 10. Be2 Bg7 11. O-O O-O 12. Bf3 Bf5 13. Ne4 Qb6 14. Rb1 Rad8 15. Qe2 Rd7 16. b4 Qd4 17. Rfd1 Rfd8 18.
Nc5 Rc7 19. Be4 Bg6 20. Nb3 Qc3 21. a3 e6 22. h4 h5 23. g3 b6 24. Bxg6 hxg6 25. d4 Bxd4 26. Rd3 Qxd3 0-1

[Event "*** Titled Tuesday Blitz"]
[Site "Chess.com"]
[Date "2020.05.12"]
[Round "3"]
[White "Parhamov"]
[Black "fm_magua"]
[Result "1/2-1/2"]
[WhiteElo "3000"]
[BlackElo "2553"]
[TimeControl "180+1"]
[EndTime "10:26:03 PDT"]
[Termination "Game drawn by agreement"]

1. e4 c5 2. Nf3 Nc6 3. d4 cxd4 4. Nxd4 e5 5. Nb5 d6 6. N1c3 a6 7. Na3 b5 8. Nd5 Nce7 9. c4 Nxd5 10. cxd5 f5 11. exf5 Bxf5 12. Nc2 Nf6 13. Ne3 Bg6 14. h4 Be7 15. h5 Bf7 16. Nf5 Bxd5 17. Nxg7+ Kf7 18.
Nf5 Be6 19. Nxe7 Qxe7 20. Bg5 h6 21. Bh4 d5 22. Rc1 Qb4+ 23. Qd2 Qxd2+ 24. Kxd2 Rac8 25. Rxc8 Rxc8 26. Be2 Ne4+ 27. Ke3 Bf5 28. Bd3 d4+ 29. Ke2 Nd6 30. f3 Bxd3+ 31. Kxd3 Nc4 32. b3 Nb2+ 33.
Ke4 Ke6 34. Bg3 Rc3 35. Bxe5 Re3+ 36. Kxd4 Rxe5 37. Rc1 Rd5+ 1/2-1/2

[Event "*** Titled Tuesday Blitz"]
[Site "Chess.com"]
[Date "2020.05.12"]
[Round "3"]
[White "bascheyaro"]
[Black "Barbus89"]
[Result "1-0"]
[WhiteElo "2708"]
[BlackElo "2383"]
[TimeControl "180+1"]
[EndTime "10:26:07 PDT"]
[Termination "bascheyaro won by checkmate"]

1. d4 Nf6 2. Nf3 e6 3. Bg5 Be7 4. e3 O-O 5. c4 c5 6. Nc3 a6 7.
Bd3 d6 8. O-O Nbd7 9. Qe2 b6 10.
Rad1 Bb7 11. Bb1 Rc8 12. h3 Rc7 13. Rd2 Qa8 14. dxc5 Nxc5 15. Bxf6 Bxf6 16. Rxd6 Bxc3 17. bxc3 Ne4 18. Bxe4 Bxe4 19. Rxb6 h6 20. Rd1 Rfc8 21. Rd4 a5 22. Rbd6 e5 23. Nxe5 Bxg2 24. Qg4 Bb7 25. Rxh6 Rc5 26. Qh5 Bh1 27. Rh8# 1-0

[Event "*** Titled Tuesday Blitz"]
[Site "Chess.com"]
[Date "2020.05.12"]
[Round "3"]
[White "Alopekos"]
[Black "Zmeeed63"]
[Result "1-0"]
[WhiteElo "2484"]
[BlackElo "2183"]
[TimeControl "180+1"]
[EndTime "10:26:08 PDT"]
[Termination "Alopekos won by resignation"]

1. e4 e6 2. d4 d6 3. Nc3 Nd7 4. Be3 b6 5. f3 Bb7 6. Qd2 Be7 7. O-O-O Ngf6 8. g4 h6 9. h4 c5 10. Nge2 a6 11.
Bh3 cxd4 12. Nxd4 Ne5 13. g5 Nfd7 14. Qe2 hxg5 15. hxg5 Qc7 16. Bxe6 Rxh1 17. Rxh1 fxe6 18. f4 Nc4 19. Nxe6 Qc6 20. Qh5+ 1-0

[Event "*** Titled Tuesday Blitz"]
[Site "Chess.com"]
[Date "2020.05.12"]
[Round "3"]
[White "saikrishnaReturns"]
[Black "petincash"]
[Result "1-0"]
[WhiteElo "2592"]
[BlackElo "2392"]
[TimeControl "180+1"]
[EndTime "10:26:09 PDT"]
[Termination "saikrishnaReturns won by checkmate"]

1. e4 c5 2. Nf3 g6 3. Nc3 Bg7 4. d4 cxd4 5. Nxd4 Nc6 6. Be3 Nf6 7. Bc4 O-O 8. Bb3 d6 9. f3 Bd7 10. Qd2 Nxd4 11. Bxd4 b5 12. h4 h5 13. g4 a5 14.
Bxf6 Bxf6 15. gxh5 Kg7 16. hxg6 fxg6 17. h5 Rh8 18.
Qd5 e6 19. Qxd6 Bh4+ 20. Ke2 b4 21. Rad1 Ra7 22. Bxe6 Qg5 23. Qd4+ Kh6 24. Qxh8# 1-0

[Event "*** Titled Tuesday Blitz"]
[Site "Chess.com"]
[Date "2020.05.12"]
[Round "3"]
[White "Mr_Sinigami"]
[Black "Sashadav97"]
[Result "1-0"]
[WhiteElo "2609"]
[BlackElo "2766"]
[TimeControl "180+1"]
[EndTime "10:26:10 PDT"]
[Termination "Mr_Sinigami won by resignation"]

1. d4 d5 2. Nf3 e6 3. Bf4 Bd6 4. Bg3 Nf6 5. Nbd2 c5 6. e3 O-O 7. c3 Qc7 8. Bd3 Nbd7 9. e4 dxe4 10. Nxe4 Nxe4 11. Bxe4 Nf6 12. Bc2 cxd4 13. Qxd4 Bxg3 14.
hxg3 h6 15. Rxh6 Qd8 16. Rh4 Qxd4 17. Rxd4 Bd7 18. Ne5 Rfd8 19. O-O-O Nd5 20. c4 Bc6 1-0

[Event "*** Titled Tuesday Blitz"]
[Site "Chess.com"]
[Date "2020.05.12"]
[Round "3"]
[White "PelinGorki"]
[Black "Efremov_Vlad"]
[Result "1-0"]
[WhiteElo "2472"]
[BlackElo "2132"]
[TimeControl "180+1"]
[EndTime "10:26:11 PDT"]
[Termination "PelinGorki won by resignation"]

1. e4 c5 2. a3 e6 3. b4 cxb4 4. axb4 Bxb4 5. c3 Be7 6. d4 d6 7. e5 dxe5 8. Nf3 exd4 9. cxd4 Nf6 10. Bd3 O-O 11. O-O Nc6 12. Bb2 Nd5 13. Nbd2 Bf6 14. Ne4 Be7 15. Re1 Ncb4 16. Bb1 Nf6 17. Neg5 h6 18.
Nh3 b6 19. Ne5 Bb7 20. Nf4 Nbd5 21. Nh5 Nxh5 22. Qxh5 Nf6 23. Qh3 Qd5 24. Re3 Bd6 25.
Ba2 Qb5 26. Bc1 Bd5 27. Rg3 Kh8 28. Bxh6 1-0

[Event "*** Titled Tuesday Blitz"]
[Site "Chess.com"]
[Date "2020.05.12"]
[Round "3"]
[White "Masterbeaterr"]
[Black "CraiggoryC"]
[Result "1-0"]
[WhiteElo "2336"]
[BlackElo "2099"]
[TimeControl "180+1"]
[EndTime "10:26:13 PDT"]
[Termination "Masterbeaterr won on time"]

1. d4 Nf6 2. c4 c6 3. Nf3 d5 4.
e3 e6 5. Nc3 Nbd7 6. b3 Bd6 7.
Bb2 O-O 8. Be2 e5 9. dxe5 Nxe5 10.
cxd5 cxd5 11. O-O Be6 12. Nb5 Nxf3+ 13. Bxf3 Bb8 14. Rc1 a6 15. Nd4 Qd6 16. g3 Ba7 17. Qd3 Rac8 18. Rfd1 Nd7 19. Rxc8 Rxc8 20. Nxe6 fxe6 21.
e4 Qc5 22. Rd2 Rf8 23. exd5 exd5 24. Qxd5+ Qxd5 25. Bxd5+ Kh8 26. Bxb7 Nc5 27. Bg2 Rxf2 28. Kxf2 Ne4+ 29. Ke1 1-0

[Event "*** Titled Tuesday Blitz"]
[Site "Chess.com"]
[Date "2020.05.12"]
[Round "3"]
[White "Niclox"]
[Black "chessuriel"]
[Result "1-0"]
[WhiteElo "2570"]
[BlackElo "2168"]
[TimeControl "180+1"]
[EndTime "10:26:17 PDT"]
[Termination "Niclox won by resignation"]

1. e4 c5 2. Nf3 e6 3. b3 d5 4.
exd5 exd5 5. Bb5+ Bd7 6. Bxd7+ Nxd7 7. O-O Bd6 8. d4 cxd4 9. Qxd4 Qf6 10. Re1+ Ne7 11.
Qxf6 Nxf6 12. Ba3 Bxa3 13. Nxa3 Rc8 14. c4 dxc4 15. Nxc4 Kf8 16. Nd6 Rb8 17. Ne5 Nc6 18. Nexf7 Rg8 19. Ng5 Nd4 20. Rad1 h6 21. Nh3 Nc6 22.
Nf4 g5 23. Ne6+ Ke7 24. Nf5+ Kf7 25. Nxh6+ Kg6 26. Nxg8 Rxg8 27. Nc5 b6 28. Nd7 Ng4 29. Rd6+ 1-0

[Event "*** Titled Tuesday Blitz"]
[Site "Chess.com"]
[Date "2020.05.12"]
[Round "3"]
[White "deep306"]
[Black "PenguinPacks"]
[Result "1-0"]
[WhiteElo "2528"]
[BlackElo "2295"]
[TimeControl "180+1"]
[EndTime "10:26:17 PDT"]
[Termination "deep306 won by resignation"]

1. d4 Nf6 2. Bf4 b6 3. e3 Bb7 4.
Nd2 c5 5. Ngf3 e6 6. Bd3 d5 7.
O-O Bd6 8. Ne5 Ne4 9. Nxe4 dxe4 10. Bb5+ Ke7 11. Qh5 g6 12. Qh6 Qf8 13. Nc4 Qxh6 14.
Bxh6 Bc7 15. dxc5 bxc5 16. Rad1 e5 17. Bg7 Nc6 18. Bxh8 Rxh8 19. Rd2 Nb8 20. Rfd1 Bc8 21. Nd6 f5 22. Nxc8+ Rxc8 23. Rd5 a6 24. Ba4 c4 25. Rc5 1-0

[Event "*** Titled Tuesday Blitz"]
[Site "Chess.com"]
[Date "2020.05.12"]
[Round "3"]
[White "Zufi1811"]
[Black "JoachimMouhamad"]
[Result "1-0"]
[WhiteElo "2458"]
[BlackElo "2211"]
[TimeControl "180+1"]
[EndTime "10:26:18 PDT"]
[Termination "Zufi1811 won by resignation"]

1. e4 e5 2. Nf3 Nc6 3. Bb5 a6 4. Ba4 Nf6 5. O-O Be7 6. Re1 b5 7. Bb3 d6 8. c3 O-O 9. h3 Nb8 10. d4 Nbd7 11. Nbd2 Bb7 12. Bc2 Re8 13. Nf1 Bf8 14. Ng3 g6 15. Bg5 h6 16. Bd2 Kh7 17.
a4 c5 18. b3 Bg7 19. d5 bxa4 20. Rxa4 Nb6 21. Ra2 c4 22. b4 Bc8 23. Be3 Bd7 24.
Ra5 Bb5 25. Nd2 Nbd7 26. Nb1 h5 27. Na3 Rb8 28. f3 h4 29. Nf1 Nh5 30. Ba4 Bh6 31. Nxb5 axb5 32. Bxb5 Bf4 33. Qe2 Qg5 34. Bxd7 Ng3 35. Nxg3 Qxg3 36. Bxf4 1-0

[Event "*** Titled Tuesday Blitz"]
[Site "Chess.com"]
[Date "2020.05.12"]
[Round "3"]
[White "PaulfromSPb"]
[Black "IMTominho"]
[Result "1/2-1/2"]
[WhiteElo "2635"]
[BlackElo "2835"]
[TimeControl "180+1"]
[EndTime "10:26:21 PDT"]
[Termination "Game drawn by agreement"]

1. d4 d5 2. Bf4 Nf6 3. e3 c5 4. c3 Nc6 5. Nd2 g6 6. h3 Bg7 7. Ngf3 O-O 8. Bd3 Nd7 9. O-O e5 10. dxe5 Ndxe5 11. Nxe5 Nxe5 12. Bxe5 Bxe5 13. Nf3 Bg7 14. Qc2 Qb6 15. Rad1 Be6 16. b3 h6 17.
c4 Rfd8 18. cxd5 Bxd5 19. Bc4 Bxf3 20. gxf3 Kf8 21. Qe4 Qc7 22. f4 b6 23. Qf3 Bf6 24. Rxd8+ Rxd8 25. Rd1 Rd7 26. Rd5 Kg7 27. e4 Rxd5 28.
Bxd5 Bd4 29. Kg2 b5 30. e5 g5 31. Qg4 Kf8 1/2-1/2

[Event "*** Titled Tuesday Blitz"]
[Site "Chess.com"]
[Date "2020.05.12"]
[Round "3"]
[White "pollo2016"]
[Black "Angel_Hranitel_37"]
[Result "1-0"]
[WhiteElo "2560"]
[BlackElo "2363"]
[TimeControl "180+1"]
[EndTime "10:26:21 PDT"]
[Termination "pollo2016 won by checkmate"]

1. d4 Nf6 2. c4 g6 3. Nc3 Bg7 4. e4 d6 5. Nge2 O-O 6. Ng3 c5 7. d5 Na6 8. Be2 e6 9. O-O exd5 10. cxd5 Re8 11. f4 Nc7 12. a4 Nd7 13. e5 dxe5 14. f5 Qh4 15. Nce4 h6 16. d6 Na6 17. Bc4 gxf5 18.
Rxf5 Nf6 19. Rxf6 Bxf6 20. Qf3 Be6 21. Nxf6+ Kh8 22. Nxe8 Bxc4 23. Qf6+ Qxf6 24. Nxf6 Be6 25. Bxh6 Rd8 26. Rd1 Nb4 27. Ngh5 c4 28. Bg7# 1-0

[Event "*** Titled Tuesday Blitz"]
[Site "Chess.com"]
[Date "2020.05.12"]
[Round "3"]
[White "Bubachess1608"]
[Black "Papa12341234"]
[Result "1/2-1/2"]
[WhiteElo "2317"]
[BlackElo "2520"]
[TimeControl "180+1"]
[EndTime "10:26:21 PDT"]
[Termination "Game drawn by repetition"]

1. e4 c5 2. d3 d6 3. f4 Nf6 4. Nf3 g6 5. c3 Bg7 6. g3 Nc6 7. Bg2 Qc7 8. O-O h5 9. Re1 Bg4 10. h3 Bd7 11. d4 cxd4 12. cxd4 d5 13. e5 Ne4 14. Rxe4 dxe4 15. Ng5 Nxd4 16. Nc3 Nf3+ 17. Nxf3 exf3 18. Qxf3 Bc6 19. Qf2 Bxg2 20. Qxg2 Qc5+ 21. Kh2 Qc6 22. Ne4 O-O 23. Be3 Rfd8 24. Rc1 Qd5 25. Rc7 Rd7 26. Rxd7 Qxd7 27. Ng5 Bh6 28. e6 fxe6 29. Qe4 Bxg5 30. Qxg6+ Kf8 31. fxg5 Rc8 32. Qh6+ Ke8 33. Qh8+ Kf7 34. Qh7+ Kf8 35. Qh8+ Kf7 36. Qh7+ Kf8 37. Qh8+ Kf7 1/2-1/2

[Event "*** Titled Tuesday Blitz"]
[Site "Chess.com"]
[Date "2020.05.12"]
[Round "3"]
[White "olomi007"]
[Black "ChristopherYoo"]
[Result "0-1"]
[WhiteElo "2651"]
[BlackElo "2909"]
[TimeControl "180+1"]
[EndTime "10:26:23 PDT"]
[Termination "ChristopherYoo won by resignation"]

1. e4 c5 2. Nf3 e6 3. d4 cxd4 4.
Nxd4 Nf6 5. Nc3 Nc6 6. Ndb5 Bc5 7. Nd6+ Ke7 8. Bf4 e5 9. Nf5+ Kf8 10. Bg5 d6 11.
Bc4 h6 12. Bxf6 Qxf6 13. Nd5 Qg5 14. Nfe3 Be6 15. O-O Rc8 16. c3 g6 17. b4 Bxe3 18.
Nxe3 Bxc4 19. Nxc4 Kg7 20. f4 exf4 21. Qxd6 b5 22.
Ne3 fxe3 23. Rxf7+ Kxf7 24. Rf1+ Kg7 25. Qd7+ Qe7 0-1

[Event "*** Titled Tuesday Blitz"]
[Site "Chess.com"]
[Date "2020.05.12"]
[Round "3"]
[White "Tooweak2slow03"]
[Black "Parkas"]
[Result "1-0"]
[WhiteElo "2618"]
[BlackElo "2398"]
[TimeControl "180+1"]
[EndTime "10:26:23 PDT"]
[Termination "Tooweak2slow03 won by checkmate"]

1. e4 c5 2. Nf3 Nf6 3. e5 Nd5 4. Nc3 Nxc3 5. dxc3 Nc6 6. Bc4 e6 7. O-O d5 8. exd6 Qxd6 9. Qe2 Be7 10. Rd1 Qc7 11.
g3 O-O 12. h4 Bf6 13. Bg5 Bxg5 14. Nxg5 Qe5 15. Qd3 Qf5 16. Qe3 h6 17. Bd3 Qe5 18. Ne4 b6 19. f4 Qc7 20. Nf2 Bb7 21. Kh2 Rae8 22. Rd2 f5 23. Rad1 Kh8 24. Bc4 e5 25. Rd7 exf4 26. Qxe8 fxg3+ 27. Kh3 Qc8 28. Qe3 f4 29.
Qe6 gxf2 30. Qg4 Ne5 31. Qxg7# 1-0

[Event "*** Titled Tuesday Blitz"]
[Site "Chess.com"]
[Date "2020.05.12"]
[Round "3"]
[White "Bulldog167"]
[Black "Malysch"]
[Result "1-0"]
[WhiteElo "2832"]
[BlackElo "2441"]
[TimeControl "180+1"]
[EndTime "10:26:24 PDT"]
[Termination "Bulldog167 won by resignation"]

1. e4 d5 2. exd5 Qxd5 3. Nf3 Bg4 4. Be2 Nc6 5. O-O O-O-O 6. d3 e5 7. Nbd2 Nf6 8. Nc4 Bc5 9. Ne3 Bxe3 10. Bxe3 Rhe8 11. h3 Bh5 12. Qe1 Nd4 13. Bxd4 exd4 14. Qd2 Qd6 15.
Rfe1 Kb8 16. a4 h6 17. a5 a6 18. Ra4 Qc5 19. Rc4 Qa7 20. Qf4 Nd5 21. Qxd4 Bxf3 22.
Qxa7+ Kxa7 23. gxf3 f5 24. Kf1 g5 25. f4 Nxf4 26.
Rxc7 Re5 27. Bf3 Rb5 28. Ree7 Nd5 29. Bxd5 1-0

[Event "*** Titled Tuesday Blitz"]
[Site "Chess.com"]
[Date "2020.05.12"]
[Round "3"]
[White "r31415"]
[Black "Lunow"]
[Result "1-0"]
[WhiteElo "2323"]
[BlackElo "2067"]
[TimeControl "180+1"]
[EndTime "10:26:27 PDT"]
[Termination "r31415 won on time"]

1. c4 c5 2. Nf3 Nc6 3. g3 g6 4. Bg2 Bg7 5. O-O e5 6. Nc3 Nge7 7. d3 d6 8. a3 O-O 9. Rb1 a5 10. Ne1 Be6 11. Nd5 Rb8 12. Nc2 b5 13. cxb5 Rxb5 14.
Nxe7+ Nxe7 15. b4 cxb4 16. axb4 Qb8 17. Ba3 a4 18. Qd2 Rc8 19. Rfc1 Ba2 20. Ra1 Bb3 21.
Ne3 d5 22. Rxc8+ Qxc8 23. Rc1 Qd7 24. Nc2 Nc6 25. Na1 Bf8 26. Nxb3 axb3 27. Qc3 Nxb4 28. Qxb3 Na6 29. Qa4 Bxa3 30. Qxa3 1-0

[Event "*** Titled Tuesday Blitz"]
[Site "Chess.com"]
[Date "2020.05.12"]
[Round "3"]
[White "HunterBRR"]
[Black "barbara25"]
[Result "0-1"]
[WhiteElo "2023"]
[BlackElo "2306"]
[TimeControl "180+1"]
[EndTime "10:26:27 PDT"]
[Termination "barbara25 won on time"]

1. d4 Nf6 2. c4 e6 3. Nf3 b6 4. g3 Bb7 5. Bg2 d5 6. Ne5 Be7 7. O-O O-O 8. Nc3 Nbd7 9. e3 a6 10. b3 Rc8 11. Bb2 c5 12. cxd5 exd5 13. Rc1 b5 14. Nxd7 Qxd7 15. dxc5 Bxc5 16. Ne2 Qe7 17.
Nd4 Rfd8 18. Qe2 Ne4 19. Rfd1 Bxd4 20. Bxd4 b4 21. Bxe4 Qxe4 22. Qd2 a5 23. Qb2 f6 24. Rxc8 Rxc8 25. Rc1 h6 26. Rxc8+ Bxc8 0-1

[Event "*** Titled Tuesday Blitz"]
[Site "Chess.com"]
[Date "2020.05.12"]
[Round "3"]
[White "francyIM"]
[Black "guillembaches"]
[Result "1-0"]
[WhiteElo "2666"]
[BlackElo "2412"]
[TimeControl "180+1"]
[EndTime "10:26:29 PDT"]
[Termination "francyIM won by checkmate"]

1. d4 Nf6 2. c4 e6 3. Nc3 Bb4 4. g3 Bxc3+ 5. bxc3 c5 6. Bg2 Nc6 7. Nf3 d6 8. Qd3 Qe7 9. O-O O-O 10. e4 e5 11. Bg5 b6 12. d5 Na5 13. Bh4 Ba6 14.
Nd2 Qd7 15. Bxf6 gxf6 16. f4 Kh8 17. fxe5 fxe5 18. Rf6 Rg8 19. Raf1 Rg7 20. R1f5 Rf8 21. Rh5 Rg6 22. Qf1 Kg7 23. Bh3 Qe7 24. Rf2 Rg5 25. Rh4 f6 26. Bf5 h6 27. Qh3 Rh8 28. Nf3 Nxc4 29.
Nxg5 fxg5 30. Rh5 Ne3 31. Be6 Rf8 32. Rxh6 Rxf2 33. Rh7+ Kf8 34. Rh8+ Kg7 35. Qh6# 1-0

[Event "*** Titled Tuesday Blitz"]
[Site "Chess.com"]
[Date "2020.05.12"]
[Round "3"]
[White "JonahWillow"]
[Black "mamey78"]
[Result "1/2-1/2"]
[WhiteElo "2699"]
[BlackElo "2356"]
[TimeControl "180+1"]
[EndTime "10:26:30 PDT"]
[Termination "Game drawn by agreement"]

1. e4 e5 2. Nf3 Nc6 3. Nc3 Nf6 4.
Bb5 Nd4 5. Bc4 Bc5 6. d3 d6 7.
Na4 Bg4 8. Nxc5 dxc5 9. Bxf7+ Kxf7 10. Nxe5+ Kf8 11. Nxg4 Nxg4 12. c3 Qh4 13. g3 Qf6 14.
Bf4 h5 15. cxd4 g5 16. h3 Nxf2 17. Kxf2 gxf4 18. gxf4 Qxd4+ 19. Kf1 Rd8 20. Rc1 Rg8 21. Qe2 Rg3 22. Rc4 Qxd3 23. Qxd3 Rdxd3 24. Rxc5 Rgf3+ 25. Ke2 Rfe3+ 26. Kf2 Rf3+ 27. Ke2 Rfe3+ 28. Kf1 Rf3+ 29. Kg2 Rg3+ 1/2-1/2

[Event "*** Titled Tuesday Blitz"]
[Site "Chess.com"]
[Date "2020.05.12"]
[Round "3"]
[White "Mili_Brizzi"]
[Black "AnishGiri"]
[Result "0-1"]
[WhiteElo "2459"]
[BlackElo "3021"]
[TimeControl "180+1"]
[EndTime "10:26:30 PDT"]
[Termination "AnishGiri won by resignation"]

1. d4 Nf6 2. c4 e6 3. g3 d5 4. Nf3 Bb4+ 5. Bd2 Be7 6. Bg2 O-O 7.
Qc2 Nbd7 8. O-O c6 9. Re1 Ne4 10.
Nc3 f5 11. b3 a5 12. Rac1 Bf6 13. Red1 Qe7 14. Bf4 g5 15. Be5 Nxe5 16. Nxe5 Qg7 17. f3 Nd6 18. c5 Nf7 19. f4 gxf4 20. gxf4 Nxe5 21. dxe5 Be7 22. Na4 Bd7 23. Rd3 Kh8 24. Rg3 Qf7 25. Qc3 Rg8 26. Nb6 Rad8 27. Qxa5 Bh4 28.
Rxg8+ Rxg8 29. Kh1 Qg7 30. Bf3 Bf2 0-1

[Event "*** Titled Tuesday Blitz"]
[Site "Chess.com"]
[Date "2020.05.12"]
[Round "3"]
[White "EvgenyRomanov"]
[Black "WPWPWP-2015"]
[Result "1-0"]
[WhiteElo "2652"]
[BlackElo "2410"]
[TimeControl "180+1"]
[EndTime "10:26:31 PDT"]
[Termination "EvgenyRomanov won by resignation"]

1. e4 e5 2. Nf3 Nc6 3. Bb5 Nf6 4. d3 d6 5. c3 Be7 6. Nbd2 O-O 7. Nf1 Bd7 8. Ng3 a6 9. Ba4 b5 10. Bc2 Re8 11. O-O Bf8 12. Re1 Ne7 13. d4 Ng6 14. Bg5 h6 15. dxe5 hxg5 16. exf6 Qxf6 17. Nh5 Qd8 18.
Nd4 Nf4 19. Bb3 c5 20. Nxf4 gxf4 21. Qh5 c4 22. Bc2 g6 23. Qf3 Qh4 24. h3 Bg7 25. Rad1 Be5 26. Qe2 Bc6 27. Nxc6 f3 28. Qxf3 1-0

[Event "*** Titled Tuesday Blitz"]
[Site "Chess.com"]
[Date "2020.05.12"]
[Round "3"]
[White "Zakaryan_David"]
[Black "tonyq11"]
[Result "1-0"]
[WhiteElo "2495"]
[BlackElo "2229"]
[TimeControl "180+1"]
[EndTime "10:26:31 PDT"]
[Termination "Zakaryan_David won by checkmate"]

1. e4 c5 2. Nc3 e6 3. Nf3 Nc6 4. d4 cxd4 5. Nxd4 a6 6. Be2 Nf6 7. O-O b5 8. Nxc6 dxc6 9. Qxd8+ Kxd8 10. e5 Nd5 11. Ne4 Kc7 12. b3 Be7 13. c4 Nb4 14.
Bd2 Bb7 15. Rfc1 Rad8 16. cxb5 axb5 17. Nd6 Nd5 18. Ba5+ Kb8 19. Nxf7 Rdf8 20. Nxh8 Rxh8 21. a4 Nf4 22. Bf3 bxa4 23. bxa4 Nd3 24. Rd1 Nxe5 25. Rab1 Nxf3+ 26. gxf3 Kc8 27. Bc3 Rf8 28. Rxb7 Kxb7 29. Rd7+ Ka6 30. Rxe7 Rxf3 31. Bd4 Rf4 32. Ra7# 1-0

[Event "*** Titled Tuesday Blitz"]
[Site "Chess.com"]
[Date "2020.05.12"]
[Round "3"]
[White "Sesleria"]
[Black "x-5963514717"]
[Result "0-1"]
[WhiteElo "1983"]
[BlackElo "2466"]
[TimeControl "180+1"]
[EndTime "10:26:32 PDT"]
[Termination "x-5963514717 won by resignation"]

1. e4 e5 2. Nf3 Nc6 3. Bb5 a6 4. Ba4 g6 5. O-O Bg7 6. c3 Nge7 7. d4 exd4 8. cxd4 b5 9. Bb3 O-O 10. Bg5 h6 11. Bh4 g5 12. Bg3 d5 13. exd5 Nxd5 14. Nc3 Nb6 15. d5 Na5 16. Bc2 Nac4 17. Qd3 f5 18. h4 Nxb2 19. Qd2 N6c4 20. Qc1 g4 21. Bb3 gxf3 22. gxf3 Nd3 23. Qc2 Nb4 24. Qe2 Bxc3 25.
Rac1 Bg7 26. Bf4 Qxh4 27. Kg2 Qxf4 0-1

[Event "*** Titled Tuesday Blitz"]
[Site "Chess.com"]
[Date "2020.05.12"]
[Round "3"]
[White "EddieMarsalla"]
[Black "dopolian"]
[Result "1-0"]
[WhiteElo "2528"]
[BlackElo "2310"]
[TimeControl "180+1"]
[EndTime "10:26:33 PDT"]
[Termination "EddieMarsalla won by resignation"]

1. d4 Nf6 2. Bg5 c5 3. d5 Qb6 4. Nc3 Qxb2 5. Bd2 Qb6 6. e4 e5 7. f4 d6 8. fxe5 dxe5 9. Nf3 Bd6 10. Rb1 Qd8 11. Bb5+ Bd7 12. O-O Bxb5 13. Nxb5 O-O 14.
Bg5 a6 15. Nxd6 Qxd6 16. Bxf6 Qxf6 17. Rxb7 Qd6 18. Ng5 Nd7 19. Qh5 h6 20. Nxf7 Qe7 21. Nxh6+ gxh6 22. Qg6+ Kh8 23. Qxh6+ Kg8 24. Qg6+ Kh8 25.
Qh5+ Kg8 26. Qg4+ Kh8 27. Rxd7 Rxf1+ 28. Kxf1 Rf8+ 29. Ke2 Qf6 1-0

[Event "*** Titled Tuesday Blitz"]
[Site "Chess.com"]
[Date "2020.05.12"]
[Round "3"]
[White "Colombiano07"]
[Black "louis198"]
[Result "0-1"]
[WhiteElo "2195"]
[BlackElo "2493"]
[TimeControl "180+1"]
[EndTime "10:26:33 PDT"]
[Termination "louis198 won by resignation"]

1. d4 Nf6 2. Nf3 c5 3. c3 e6 4. Bf4 Nd5 5. Bg3 f5 6. e3 cxd4 7. cxd4 Qb6 8. Qb3 Bb4+ 9. Nc3 O-O 10. Bc4 Bxc3+ 11. bxc3 Qxb3 12. axb3 Nxc3 13. Bxb8 Rxb8 14. Rxa7 b5 15. Bd3 Bb7 16. O-O Bd5 17. b4 Bc6 18.
Ne5 Nd5 19. Rb1 Ra8 20. Rxa8 Rxa8 21. e4 Nc3 22. Rc1 Nxe4 23. Nxc6 dxc6 24. Bxe4 fxe4 25. g4 Ra4 26. Rxc6 Rxb4 27. Rb6 Kf7 28. Kg2 g5 29. Rb7+ Kf6 30. Rb6 Ke7 31. Kg3 Rb3+ 32.
Kg2 b4 33. Rb7+ Kd6 34. Rxh7 Rd3 35. h4 gxh4 36. g5 h3+ 37. Kf1 b3 38. Rb7 Rd1+ 39.
Ke2 h2 40. Kxd1 h1=Q+ 41. Ke2 Qf3+ 42. Kd2 e3+ 0-1

[Event "*** Titled Tuesday Blitz"]
[Site "Chess.com"]
[Date "2020.05.12"]
[Round "3"]
[White "AtabayevSaparmyrat"]
[Black "Natalya_Buksa"]
[Result "0-1"]
[WhiteElo "2724"]
[BlackElo "2538"]
[TimeControl "180+1"]
[EndTime "10:26:34 PDT"]
[Termination "Natalya_Buksa won on time"]

1. d4 d5 2. c4 e6 3. Nc3 Nf6 4. Bg5 Nbd7 5. Nf3 h6 6. Bxf6 Nxf6 7.
e3 Be7 8. Qc2 O-O 9. O-O-O c6 10. h4 dxc4 11. Bxc4 b5 12. Bd3 Qa5 13. Kb1 b4 14.
Ne4 Ba6 15. Bxa6 Qxa6 16. Nxf6+ Bxf6 17. Ng5 g6 18. Ne4 Bg7 19. h5 g5 20. f4 g4 21.
Nc5 Qb5 0-1

[Event "*** Titled Tuesday Blitz"]
[Site "Chess.com"]
[Date "2020.05.12"]
[Round "3"]
[White "PlotnikovPavel"]
[Black "KingChess345"]
[Result "1-0"]
[WhiteElo "2500"]
[BlackElo "2221"]
[TimeControl "180+1"]
[EndTime "10:26:34 PDT"]
[Termination "PlotnikovPavel won by resignation"]

1. e4 c5 2. c3 d5 3. exd5 Qxd5 4. d4 Nf6 5. Nf3 Bg4 6. Be2 e6 7. h3 Bh5 8. O-O Be7 9. Be3 cxd4 10. cxd4 O-O 11.
Nc3 Qd6 12. Qb3 Nc6 13. Rfd1 Nb4 14. g4 Bg6 15. Rac1 Rfd8 16. Ne5 a6 17. Bf3 Rab8 18. Bf4 Qb6 19. Nxg6 hxg6 20. Bxb8 Rxb8 21. g5 Nd7 22.
a3 Nc6 23. Qxb6 Nxb6 24. h4 Rd8 25. Bxc6 bxc6 26. Ne4 Na4 27. Rxc6 Nxb2 28. Rb1 Rxd4 29. Rxb2 Rxe4 30. Rb8+ Kh7 31. Rcc8 1-0